 Dungeon Crawl Stone Soup version 0.31-a0-986-g5e6e4ef867 (webtiles) character file.

Game seed: 12090293984541302665

28 Dittersdorf the Shield-Bearer (level 3, -2/29 HPs)
             Began as a Human Fighter on Nov 9, 2023.
             Killed by nerve-wracking pain
             ... invoked by Grinder
              (8 damage)
             ... on level 3 of the Dungeon.
             The game lasted 00:01:11 (1382 turns).

Dittersdorf the Shield-Bearer (Human Fighter)       Turns: 1382, Time: 00:01:12

Health: -2/29      AC:  9    Str: 18    XL:     3   Next: 27%
Magic:  0/3        EV:  8    Int:  8    God:
Gold:   128        SH:  8    Dex: 12    Spells: 2/2 levels left

rFire   . . .        a - +0 long sword
rCold   . . .        e - +0 kite shield
rNeg    . . .        b - +0 scale mail
rPois   .            (no helmet)
rElec   .            h - +0 cloak
rCorr   .            (no gloves)
SInv    .            o - +0 pair of boots
Will    .....        f - amulet of guardian spirit Stlth
                     (no ring)
HPRegen 0.24/turn    (no ring)
MPRegen 0.08/turn

%: guardian spirit
@: no status effects
A: no striking features
a: no special abilities


You were on level 3 of the Dungeon.
You visited 1 branch of the dungeon, and saw 3 of its levels.

You collected 128 gold pieces.

Inventory:

Hand Weapons
 a - a +0 long sword (weapon)
Armour
 b - a +0 scale mail (worn)
 e - a +0 kite shield (worn)
 h - a +0 cloak (worn)
 o - a +0 pair of boots (worn)
Jewellery
 f - an amulet of guardian spirit (around neck)
 p - a ring of magical power
Scrolls
 c - 4 scrolls of revelation {unknown}
 g - a scroll of identify {unknown}
 j - a scroll of vulnerability {unknown}
 k - a scroll of amnesia {unknown}
 m - a scroll of poison {unknown}
Potions
 d - a potion of might
 i - a potion of enlightenment {unknown}
 l - a potion of mutation {unknown}
 n - a potion of magic {unknown}


   Skills:
 + Level 3.3 Fighting
 + Level 2.4 Long Blades
 + Level 3.3 Armour
 + Level 3.3 Shields


You had 2 spell levels left.
You didn't know any spells.
Your spell library contained the following spells:

 Spells                   Type           Power      Damage    Failure   Level
 Ensorcelled Hibernation  Hex/Ice        0%         N/A       99%         2
 Jinxbite                 Hex            0%         N/A       99%         2
 Anguish                  Hex/Necr       0%         N/A       100%        4


Dungeon Overview and Level Annotations

Branches:
Dungeon (3/15)

Altars:

Shops:
D:1 *

Annotations:
D:3 Grinder


Message History

Grinder comes into view.
Grinder shouts!
Found 10 gold pieces.
You barely miss Grinder. Grinder gestures at you.
Pain shoots through your body!
You hit Grinder.
Grinder is lightly wounded.
Grinder blinks!
You closely miss Grinder.
Grinder is lightly wounded.
Grinder hits you.
You writhe in agony.
Grinder hits you.
You writhe in agony.
* * * LOW HITPOINT WARNING * * *
You are too injured to fight recklessly!
You are too injured to fight recklessly!
You are too injured to fight recklessly!
You are too injured to fight recklessly!
You are too injured to fight recklessly!
You are too injured to fight recklessly!
You are too injured to fight recklessly!
You are too injured to fight recklessly!
You are too injured to fight recklessly!
You are too injured to fight recklessly!
You are too injured to fight recklessly!
You are too injured to fight recklessly!
You are too injured to fight recklessly!
You are too injured to fight recklessly!
You are too injured to fight recklessly!
You are too injured to fight recklessly!
You are too injured to fight recklessly!
You are too injured to fight recklessly!
You are too injured to fight recklessly!
You are too injured to fight recklessly!
You are too injured to fight recklessly!
Grinder gestures at you.
You barely resist. Grinder gestures at you. Pain shoots through your body!
You die...
Grinder says, "Now the real fun starts!"

#.....##.#
#.#.#.##.#
#.#......########
#.#.#............
#........#######.
###......).####
#.............#
#<#.#########.#
.......# ##@## #
..##.###
####...###.# .
#... #.......5..#
...#.
...##...##...#
.#. .# #......##
...# #### ##
#...##.. .....
.... ... ...###
^.. .#.# ...# ..
.... ....


You could see Grinder.

Vanquished Creatures
  A worm (D:2)
  A dart slug (D:1)
  2 endoplasms (D:1)
  2 giant cockroaches
  4 goblins
  3 hobgoblins
  2 quokkas (D:1)
  2 kobolds
  3 rats
20 creatures vanquished.

Notes
Turn   | Place    | Note
-------+----------+-------------------------------------------
     0 | D:1      | Dittersdorf the Human Fighter began the quest for the Orb.
     0 | D:1      | Reached XP level 1. HP: 18/18 MP: 1/1
   230 | D:1      | Found Pexote's General Store.
   233 | D:1      | Reached XP level 2. HP: 24/24 MP: 2/2
   686 | D:2      | Reached XP level 3. HP: 24/29 MP: 3/3
   757 | D:2      | Found a faded altar of an unknown god.
  1182 | D:2      | Identified the +7 quarterstaff of Okawaru's Supremacy
                  | {flame, rPois Will+ Str+2 Dex+3}
  1361 | D:3      | Identified the +0 trident "Duppust" {heavy, Str+5 Int+2}
  1373 | D:3      | Noticed Grinder
  1382 | D:3      | Killed from afar by Grinder

Illustrated notes

Levels and vault maps discovered:
D:1:      ldierk_walled_garden, layout_basic, serial_shops, shop
D:2:      layout_basic, chequers_ecumenical_altar_simple_redux, corner_web_ring
D:3:      layout_loops_ring, uniq_grinder

Action                     || total
---------------------------++-------
  Melee: Long sword        ||    53
 Armour: Scale mail        ||    27
  Dodge: Dodged            ||    13
  Block: Kite shield       ||    21

Table legend: (Time is in decaauts)
 A = Elapsed time spent in this place.
 B = Non-inter-level travel time spent in this place.
 C = Inter-level travel time spent in this place.
 D = Time resting spent in this place.
 E = Time spent auto-exploring this place.
 F = Levels seen in this place.
 G = Mean time per level.
                   A        B        C        D        E       F      G
               +--------+--------+--------+--------+--------+-----+--------+
         Total |   1407 |   1369 |     38 |      0 |   1136 |   3 |  469.0 |
       Dungeon |   1407 |   1369 |     38 |      0 |   1136 |   3 |  469.0 |
               +--------+--------+--------+--------+--------+-----+--------+

Top non-repeatable levels by time:
     D:2: 746 daAuts
     D:1: 629 daAuts
     D:3: 31 daAuts
